 Dungeon Crawl Stone Soup version 0.26.1-10-gdfb7c7de75 (webtiles) character file.

Game seed: 7869952771493593739

1288 ytrimaz the Covert (level 8, -11/37 HPs)
             Began as a Spriggan Brigand on Apr 3, 2021.
             Was a Follower of Dithmenos.
             Mangled by an orc warrior
             ... wielding a +0 mace
              (13 damage)
             ... on level 6 of the Dungeon.
             The game lasted 00:16:33 (9081 turns).

ytrimaz the Covert (Spriggan Brigand)               Turns: 9081, Time: 00:16:34

Health: -11/37     AC:  4    Str:  7    XL:     8   Next: 30%
Magic:  9/9        EV: 23    Int: 12    God:    Dithmenos [*.....]
Gold:   311        SH:  0    Dex: 20    Spells: 7/7 levels left

rFire    . . .     SeeInvis +   a - +3 dagger
rCold    . . .     Faith    .   (shield restricted)
rNeg     . . .     Spirit   .   b - +0 robe
rPois    .         Reflect  .   (helmet restricted)
rElec    .         Harm     .   c - +1 cloak
rCorr    .         Rampage  .   (gloves unavailable)
Will     +....                  (boots unavailable)
Stlth    ++++++....             (no amulet)
HPRegen  0.12/turn              (no ring)
MPRegen  0.11/turn              (no ring)

@: wreathed by umbra, very quick
A: very small, unfitting armour, see invisible, speed 3, mutation resistance 1
a: Renounce Religion


You were on level 6 of the Dungeon.
You worshipped Dithmenos.
Dithmenos was aware of your devotion.
You visited 1 branch of the dungeon, and saw 6 of its levels.

You collected 311 gold pieces.

Inventory:

Hand Weapons
 a - a +3 dagger (weapon)
Armour
 b - a +0 robe (worn)
 c - a +1 cloak (worn)
Scrolls
 f - a scroll of enchant weapon
 g - 2 scrolls of fog
 l - 6 scrolls of remove curse
 m - 2 scrolls of enchant armour
 n - a scroll of silence {unknown}
Potions
 d - 2 potions of mutation
 j - 2 potions of resistance


   Skills:
 - Level 1.5 Fighting
 * Level 5.6 Short Blades
 + Level 3.7 Throwing
 + Level 6.6 Dodging
 + Level 11.8 Stealth


You had 7 spell levels left.
You didn't know any spells.
Your spell library was empty.

Dungeon Overview and Level Annotations

Branches:
Dungeon (6/15)
 Temple: D:4-7

Altars:
Dithmenos
Fedhas
Okawaru
Xom

Shops:
D:5 (:


Innate Abilities, Weirdness & Mutations

You are very small and have problems with some larger weapons.
You are too small for most types of armour.
You have supernaturally acute eyesight. (SInv)
You cover ground extremely quickly.
You are somewhat resistant to further mutation.


Message History

The orc warrior is severely wounded.
The orc warrior looks more healthy.
You closely miss the orc warrior.
The orc warrior is severely wounded.
The orc warrior misses you.
You hit the orc warrior but do no damage.
The orc warrior is severely wounded.
You hit the orc warrior.
The orc warrior is almost dead.
The orc warrior hits you with a +0 mace!
* * * LOW HITPOINT WARNING * * *
You closely miss the orc warrior.
The orc warrior is almost dead.
The orc warrior closely misses you.
You hit the orc warrior but do no damage.
The orc warrior is almost dead.
You hit the orc warrior but do no damage.
The orc warrior is almost dead.
The orc warrior hits you with a +0 mace!
You die...

........#..# ####.####.........
....≈≈≈....# #.# ###.#.##)#
..≈≈≈≈≈≈≈..########[### #.#.##.#
.≈≈≈≈≈≈≈≈≈..##........# #......#
≈≈≈≈≈≈≈≈≈≈≈.##.##.#.#.# ###.####
≈≈≈≈PP.≈≈≈≈..#.#....#..# #.###
≈≈≈...P.≈≈≈≈.#.#..### ## #.#.##
≈≈≈>._.<≈≈≈≈.#.....#..######....#
≈≈≈..♣.♣≈≈≈≈(.(o@..............O.
≈≈≈≈..♣≈≈≈≈(.##...#########.....#
≈≈≈≈≈≈≈≈≈≈≈.####..# #....##
.≈≈≈≈≈≈≈≈≈[.# ##.# #...##
..≈≈≈≈≈≈≈..## #.# ##.##
....≈≈≈...# #.# #.# ###.....##
#.# #.# ##... #.# #.# Z.# ##. #.#


You could see an orc warrior.

Vanquished Creatures
  An ice beast (D:6)
  An orc warrior (D:6)
  A phantom (D:4)
  2 ogres (D:6)
  A centaur (D:5)
  2 scorpions
  A howler monkey (D:6)
  A centaur zombie (D:5)
  A hound (D:4)
  An orc priest (D:6)
  4 orc wizards
  5 worker ants
  A killer bee zombie (D:6)
  A hound skeleton (D:4)
  A howler monkey zombie (D:5)
  3 gnolls (D:2)
  9 adders
  A shadow imp (D:6)
  3 white imps
  An ooze (D:1)
  An ufetubus (D:5)
  An adder zombie (D:6)
  2 adder skeletons
  A worm (D:2)
  A dart slug (D:1)
  3 leopard geckos
  16 orcs
  6 giant cockroaches
  6 goblins
  4 hobgoblins (D:1)
  9 jackals
  4 quokkas
  A ball python (D:6)
  9 bats
  6 frilled lizards
  11 kobolds
  10 rats
132 creatures vanquished.

Vanquished Creatures (others)
  2 plants (D:6)
2 creatures vanquished.

Grand Total: 134 creatures vanquished

Notes
Turn   | Place    | Note
-------+----------+-------------------------------------------
     0 | D:1      | ytrimaz the Spriggan Brigand began the quest for the Orb.
     0 | D:1      | Reached XP level 1. HP: 10/10 MP: 2/2
    65 | D:1      | Reached skill level 6 in Stealth
   922 | D:1      | Reached XP level 2. HP: 14/14 MP: 3/3
  1055 | D:1      | Reached skill level 7 in Stealth
  1214 | D:1      | Reached XP level 3. HP: 18/18 MP: 4/4
  2256 | D:2      | Reached XP level 4. HP: 22/22 MP: 5/5
  2257 | D:2      | Reached skill level 8 in Stealth
  3071 | D:3      | Reached XP level 5. HP: 25/25 MP: 6/6
  3708 | D:3      | Found an iron altar of Okawaru.
  4092 | D:3      | Reached skill level 9 in Stealth
  4561 | D:4      | Reached XP level 6. HP: 25/30 MP: 7/7
  4753 | D:4      | Reached skill level 5 in Dodging
  4753 | D:4      | Reached skill level 10 in Stealth
  5431 | D:5      | Entered Level 5 of the Dungeon
  5912 | D:5      | Reached XP level 7. HP: 11/33 MP: 8/8
  6037 | D:5      | Found Uhiafiot's Book Boutique.
  6101 | D:5      | Found Tenet Fukk's Weapon Shoppe.
  6217 | D:5      | Got a faintly glowing whip
  6244 | D:5      | Found a shadowy altar of Dithmenos.
  6248 | D:5      | Became a worshipper of Dithmenos the Shadowed
  6249 | D:5      | Identified the cursed +0 whip "Pendulum" {drain, rPois
                  | Dex+4 Stlth-} (You found it on level 5 of the Dungeon)
  7015 | D:6      | Found a shimmering altar of Xom.
  7364 | D:6      | Reached skill level 11 in Stealth
  7576 | D:6      | Reached XP level 8. HP: 37/37 MP: 9/9
  7587 | D:6      | Found a blossoming altar of Fedhas.
  7603 | D:6      | Reached skill level 5 in Short Blades
  7702 | D:6      | Reached * piety under Dithmenos
  8504 | D:6      | Gained mutation: You are somewhat resistant to further
                  | mutation. [potion of mutation]
  8525 | D:6      | HP: 2/55 [poisoned by a scorpion]
  9081 | D:6      | Mangled by an orc warrior

Illustrated notes

Levels and vault maps discovered:
D:1:      lemuel_arrival_funnel, layout_loops_ring
D:2:      layout_rooms, serial_glass, glass_columns_a, glass_columns_b,
          hangedman_decor_diamond_cutter, minmay_strange_pillars
D:3:      layout_basic, okawaru_ov_weapons_minmay
D:4:      layout_basic
D:5:      layout_loops_ring, marbit_many_paths, serial_shops, shop, shop
D:6:      layout_loops_corners, nicolae_overflow_hidden_temple,
          fedhas_ov_isle_minmay, amcnicky_mini_corridor_feature

Skill      XL: |  1  2  3  4  5  6  7  8 |
---------------+-------------------------+-----
Stealth        | 6 7 8 9 10 11 | 11.8
Dodging        | 2 3 4 5 6 |  6.6
Throwing       | 3 |  3.7
Short Blades   | 4 5 |  5.6
Fighting       | |  1.5

Action                   |  1- 3 |  4- 6 |  7- 9 || total
-------------------------+-------+-------+-------++-------
Melee: Dagger            |   171 |   258 |   195 ||   624
Throw: Dart              |       |    25 |    22 ||    47
  Use: Scroll            |     1 |       |    12 ||    13
       Potion            |     1 |     2 |     7 ||    10
 Stab: Sleeping          |    13 |    16 |    19 ||    48
       Distracted        |     1 |       |     1 ||     2
Armor: Robe              |    23 |    27 |    10 ||    60
Dodge: Dodged            |   143 |   211 |   115 ||   469
